 Dungeon Sprint DCSS version 0.30-a0-862-g1aabd4f9c5 (webtiles) character file.

Game seed: 17438106693590122840

170970 rocky1 the Shatterer (level 15, -41/151 HPs)
             Began as a Demonspawn Fighter on Mar 10, 2023.
             Was an Initiate of Gozag.
             Killed from afar by Nikola (55 damage)
             ... with an arc of chain lightning
             ... in the Dungeon (Sprint IX: "|||||||||||||||||||||||||||||").
             The game lasted 00:34:26 (8404 turns).

rocky1 the Shatterer (Demonspawn Fighter)           Turns: 8404, Time: 00:34:27

Health: -41/151    AC: 24    Str: 24    XL:     15   Next: 99%
Magic:  6/6        EV: 15    Int:  9    God:    Gozag
Gold:   5237       SH: 21    Dex: 13    Spells: 14/14 levels left

rFire   + + +      SeeInvis .    r - +6 morningstar (heavy)
rCold   + + +      Faith    .    n - +0 tower shield {rF+}
rNeg    . . .      Spirit   .    z - +2 scale mail {rF+}
rPois   +          Reflect  .    (helmet unavailable)
rElec   +          Rampage  .    s - +2 cloak
rCorr   +          NoTele   +    D - +1 pair of gloves
Will    ++...                    J - +1 pair of boots of the Land of Plenty {rElec rC+ MP-9}
Stlth   +                        (no amulet)
HPRegen 0.45/turn                y - ring of protection from cold
MPRegen 0.10/turn                B - ring of willpower

@: mighty, resistant, invisible
A: horns 3, slimy green scales 2, ignite blood 1, powered by pain 2, MP-powered
wands
}: 4/17 runes: decaying, serpentine, barnacled, gossamer
a: Renounce Religion, Potion Petition, Call Merchant, Bribe Branch


You were in the Dungeon.
You worshipped Gozag.
Gozag was greatly pleased with you.
You visited 1 branch You collected 28059 gold pieces.
You spent 11999 gold pieces at shops.
You paid 10823 gold pieces to Gozag.

Inventory:

Hand Weapons
 r - a +6 heavy morningstar (weapon)
 u - a +1 morningstar of protection
Missiles
 q - 5 throwing nets
Armour
 n - a +0 tower shield of fire resistance (worn)
 s - a +2 cloak (worn)
 z - a +2 scale mail of fire resistance (worn)
 D - a +1 pair of gloves (worn)
 I - the +15 Maxwell's patent armour {-Cast -Tele rElec Will+ rCorr}
   (You bought it in a shop in the Dungeon)

   rElec:     It insulates you from electricity.
   -Cast:     It prevents spellcasting.
   -Tele:     It prevents most forms of teleportation.
   rCorr:     It protects you from acid and corrosion.
   Will:      It increases your willpower.
 J - the +1 pair of boots of the Land of Plenty (worn) {rElec rC+ MP-9}
   (You bought it in a shop in the Dungeon)

   rC:        It protects you from cold.
   rElec:     It insulates you from electricity.
   MP:        It affects your magic capacity (-9).
Jewellery
 y - a ring of protection from cold (left hand)
 B - a ring of willpower (right hand)
Scrolls
 l - 2 scrolls of amnesia
 o - 3 scrolls of identify
 t - 5 scrolls of fear
 A - a scroll of brand weapon
 F - 4 scrolls of enchant armour
Potions
 b - 6 potions of mutation
 d - 7 potions of might
 e - 9 potions of curing
 f - 2 potions of invisibility
 g - 2 potions of haste
 h - 4 potions of magic
 i - 3 potions of berserk rage
 k - 12 potions of heal wounds
 m - 2 potions of cancellation
 E - 3 potions of brilliance
 G - a potion of ambrosia
Miscellaneous
 c - a condenser vane (quivered)


   Skills:
 - Level 24.2 Fighting
 + Level 25.1 Maces & Flails
 - Level 17.1 Armour
 - Level 15.1 Dodging
 - Level 1.8 Stealth
 + Level 19.8 Shields
 - Level 8.6 Evocations


You had 14 spell levels left.
You didn't know any spells.
Your spell library contained the following spells:

 Spells                   Type           Power      Damage    Failure   Level
 Sandblast                Erth           0%         2d4       85%         1
 Blink                    Tloc           0%         N/A       94%         2
 Ensorcelled Hibernation  Hex/Ice        0%         N/A       94%         2
 Passwall                 Tmut/Erth      0%         N/A       94%         2
 Gell's Gravitas          Tloc           0%         N/A       99%         3
 Inner Flame              Hex/Fire       0%         N/A       99%         3
 Stone Arrow              Conj/Erth      0%         3d7       99%         3
 Swiftness                Air            0%         N/A       99%         3
 Teleport Other           Tloc           0%         N/A       99%         3
 Flame Wave               Conj/Fire      0%         2d4       100%        4
 Manifold Assault         Tloc           0%         N/A       100%        4
 Sticky Flame             Conj/Fire      0%         2d3       100%        4
 Summon Ice Beast         Ice/Summ       0%         N/A       100%        4
 Summon Mana Viper        Hex/Summ       0%         N/A       100%        5
 Dispersal                Tloc           0%         N/A       100%        6
 Haunt                    Necr/Summ      0%         N/A       100%        7
 Monstrous Menagerie      Summ           0%         N/A       100%        7
 Storm Form               Tmut/Air       0%         N/A       100%        7
 Infestation              Necr           0%         N/A       100%        8
 Animate Dead             Necr           Unusable   N/A       N/A         4

Dungeon Overview and Level Annotations

Branches:
Dungeon (1/1)

Altars:
Cheibriados
Dithmenos
Fedhas
Gozag
Hepliaklqana
Kikubaaqudgha
Makhleb
Nemelex Xobeh
Okawaru
Qazlal
Ru
Sif Muna
Trog
Uskayaw
Vehumet
Wu Jian
Xom
Yredelemnul
Jiyva
Lugonu

Shops:
D *([!!:![!(

Annotations:
D Nikola


Innate Abilities, Weirdness & Mutations

You have a pair of large horns on your head.
You are mostly covered in slimy green scales. (AC +3)
Your demonic aura sometimes causes spilled blood to erupt in flames.
You sometimes gain power by taking damage.
You expend magic power (3 MP) to strengthen your wands.


Message History

Nikola gestures wildly while chanting.
Lightning arcs from Nikola's hands!
The bolt of lightning hits you!! You resist.
A bolt of lightning appears from out of thin air!
The bolt of lightning hits Nikola!
You bludgeon Nikola!!
Nikola is lightly wounded.
Nikola hits you but does no damage.
You impale Nikola!! You headbutt Nikola.
Nikola is moderately wounded.
Nikola drinks a potion.
Nikola seems to grow stronger.
You sock Nikola!
Nikola is moderately wounded.
Nikola casts a spell.
Lightning arcs from Nikola's hands!
The bolt of lightning hits you!! You resist.
A bolt of lightning appears from out of thin air!
The bolt of lightning hits Nikola!
You barely miss Nikola.
Nikola is moderately wounded.
Nikola casts a spell.
Lightning arcs from Nikola's hands!
The bolt of lightning hits you!!! You resist.
* * * LOW HITPOINT WARNING * * *
You focus on the pain.
You feel very mighty all of a sudden.
A bolt of lightning appears from out of thin air!
The bolt of lightning hits Nikola!
Unknown command.
Okay, then. [a] - 450 gold - resistance and invisibility [b] - 357 gold - lignification, might and resistance [c] - 560 gold - haste and resistance Purchase which effect?
You feel protected.
You fade into invisibility!
Nikola mumbles some strange words.
Lightning arcs from Nikola's hands!
The bolt of lightning hits you!!! You resist.
You die...
Your body crumbles into a pile of gold.

.................................
▓▓▓▓▓▓▓▓▓▓▓▓▓▓▓▓▓▓▓▓▓▓▓▓▓▓▓▓▓▓▓▓▓
..'......=..))))))...[[[[[.......
▓▓▓▓▓▓▓▓▓▓▓▓▓▓▓▓▓▓▓▓▓▓▓▓▓▓▓▓▓▓▓▓▓
.........................).......
▓▓▓▓▓▓▓▓▓▓▓♣♣♣♣♣♣♣♣♣♣♣♣♣♣▓▓▓▓▓▓▓▓
...........'.............+)[)[[))
▓▓▓▓▓▓▓▓▓▓▓♣♣♣♣♣♣♣♣♣♣♣♣♣♣▓▓▓▓▓▓▓▓
......@@................
▓▓▓▓▓▓▓▓▓▓▓▓▓▓▓▓▓▓▓▓▓▓▓▓ $$


You could see Nikola (strong).

Vanquished Creatures
  Xtahua (D)
  Frederick (D)
  Saint Roka (D)
  2 Orb Guardians (D)
  A lich (D)
  A sphinx (D)
  Agnes (D)
  Gastronok (D)
  A tengu reaver (D)
  4 nagarajas (D)
  2 fire giants (D)
  Ilsuiw (D)
  2 frost giants (D)
  2 ghost moths (D)
  Louise (D)
  6 emperor scorpions (D)
  2 vault wardens (D)
  An orc warlord (D)
  3 ironbound preservers (D)
  3 very ugly things (D)
  5 stone giants (D)
  2 bunyips (D)
  2 dire elephants (D)
  A spark wasp (D)
  Snorg (D)
  A merfolk javelineer (D)
  An ettin (D)
  5 merfolk impalers (D)
  2 fire dragons (D)
  A yaktaur captain (D)
  Josephine (D)
  Harold (D)
  2 great orbs of eyes (D)
  An ice dragon (D)
  A rakshasa (D)
  A vault guard (D)
  2 ironbound frosthearts (D)
  A radroach (D)
  10 hydras (D)
  2 merfolk avatars (D)
  A catoblepas (D)
  3 merfolk aquamancers (D)
  An anaconda (D)
  3 centaur warriors (D)
  A deep troll shaman (D)
  4 naga warriors (D)
  A vampire mage (D)
  2 deep troll earth magi (D)
  2 shock serpents (D)
  A skyshark (D)
  A sun moth (D)
  3 sea snakes (D)
  A glowing orange brain (D)
  A goliath frog (D)
  An ironbound convoker (D)
  An orc knight (D)
  3 wizards (D)
  7 swamp dragons (D)
  A harpy (D)
  A lindwurm (shapeshifter) (D)
  A deep elf pyromancer (D)
  5 wolf spiders (D)
  9 orc sorcerers (D)
  A will-o-the-wisp (D)
  2 cyclopes (D)
  A salamander (D)
  2 moths of wrath (D)
  8 elephants (D)
  2 naga magi (D)
  2 guardian serpents (D)
  3 vault sentinels (D)
  A torpor snail (D)
  A black mamba (D)
  A demonic crawler (D)
  A gargoyle (D)
  4 cane toads (D)
  A rime drake (D)
  Psyche (D)
  A kobold demonologist (D)
  An efreet (D)
  A tengu conjurer (D)
  A tyrant leech (D)
  5 merfolk (D)
  A wind drake (D)
  2 tarantellas (D)
  2 blink frogs (D)
  A slime creature (D)
  3 wraiths (D)
  A jumping spider (D)
  2 wyverns (D)
  A yak (D)
  3 basilisks (D)
  A water elemental (D)
  A steam dragon (D)
  5 nagas (D)
  A warg (D)
  An acid dragon (D)
  A water moccasin (D)
  3 swamp drakes (D)
  12 orc warriors (D)
  A bullfrog (D)
  2 gnoll sergeants (D)
  A scorpion (D)
  A howler monkey (D)
  A hound (D)
  3 orc priests (D)
  11 orc wizards (D)
  An adder (D)
  A dart slug (D)
  8 orcs (D)
  A bat (D)
  A goblin (D)
  A jackal (D)
  A frilled lizard (D)
  A kobold (D)
250 creatures vanquished.

Notes
Turn   | Place    | Note
-------+----------+-------------------------------------------
     0 | D        | rocky1 the Demonspawn Fighter began the quest for the Orb.
     0 | D        | Reached XP level 1. HP: 18/18 MP: 1/1
     9 | D        | Reached skill level 2 in Maces & Flails
   131 | D        | Noticed a scorpion
   131 | D        | Noticed a hound
   133 | D        | Gained mutation: You have a pair of small horns on your
                  | head. [demonic ancestry]
   133 | D        | Reached XP level 2. HP: 25/25 MP: 2/2
   141 | D        | Killed a scorpion
   142 | D        | Reached skill level 4 in Maces & Flails
   142 | D        | Reached skill level 1 in Dodging
   142 | D        | Gained mutation: You sometimes gain a little power by
                  | taking damage. [demonic ancestry]
   142 | D        | Reached XP level 3. HP: 21/32 MP: 3/3
   142 | D        | Gained mutation: You have a pair of horns on your head.
                  | [demonic ancestry]
   142 | D        | Reached XP level 4. HP: 26/38 MP: 4/4
   145 | D        | Reached skill level 5 in Fighting
   464 | D        | Found a snail-covered altar of Cheibriados.
   464 | D        | Found a shadowy altar of Dithmenos.
   464 | D        | Found a blossoming altar of Fedhas.
   464 | D        | Found an opulent altar of Gozag.
   465 | D        | Found a hazy altar of Hepliaklqana.
   466 | D        | Found a viscous altar of Jiyva.
   467 | D        | Found an ancient bone altar of Kikubaaqudgha.
   468 | D        | Found a corrupted altar of Lugonu.
   469 | D        | Found a burning altar of Makhleb.
   470 | D        | Found a sparkling altar of Nemelex Xobeh.
   471 | D        | Found an iron altar of Okawaru.
   472 | D        | Became a worshipper of Gozag Ym Sagoz the Greedy
   473 | D        | Found a stormy altar of Qazlal.
   474 | D        | Found a sacrificial altar of Ru.
   475 | D        | Found a shimmering blue altar of Sif Muna.
   476 | D        | Found a bloodstained altar of Trog.
   477 | D        | Found a hide-covered altar of Uskayaw.
   478 | D        | Found a radiant altar of Vehumet.
   479 | D        | Found an ornate altar of the Wu Jian Council.
   480 | D        | Found a shimmering altar of Xom.
   481 | D        | Found a basalt altar of Yredelemnul.
   542 | D        | Noticed a gnoll sergeant
   542 | D        | Noticed a wyvern
   542 | D        | Noticed a kobold demonologist
   542 | D        | Noticed a gargoyle
   542 | D        | Noticed a steam dragon
   546 | D        | Killed a gnoll sergeant
   547 | D        | Reached skill level 5 in Maces & Flails
   547 | D        | Gained mutation: Your demonic aura sometimes causes spilled
                  | blood to erupt in flames. [demonic ancestry]
   547 | D        | Reached XP level 5. HP: 33/46 MP: 5/5
   548 | D        | Reached skill level 6 in Maces & Flails
   548 | D        | Reached skill level 5 in Armour
   548 | D        | Reached skill level 5 in Shields
   548 | D        | Killed a wyvern
   549 | D        | Reached skill level 7 in Maces & Flails
   549 | D        | Reached skill level 1 in Stealth
   549 | D        | Reached XP level 6. HP: 39/53 MP: 6/6
   550 | D        | Killed a kobold demonologist
   551 | D        | Reached skill level 9 in Maces & Flails
   551 | D        | Reached XP level 7. HP: 45/60 MP: 7/7
   559 | D        | Killed a gargoyle
   560 | D        | Reached skill level 10 in Maces & Flails
   560 | D        | Killed a steam dragon
   561 | D        | Gained mutation: You have a pair of large horns on your
                  | head. [demonic ancestry]
   561 | D        | Reached XP level 8. HP: 16/68 MP: 8/8
   840 | D        | Noticed a five-headed hydra
   840 | D        | Noticed a salamander
   840 | D        | Noticed a cyclops
   840 | D        | Noticed a cyclops
   843 | D        | a salamander changed into a cane toad
   843 | D        | Noticed a cane toad (shapeshifter)
   844 | D        | Killed a five-headed hydra
   844 | D        | a cane toad changed into a yak
   845 | D        | Reached skill level 12 in Maces & Flails
   845 | D        | Reached skill level 5 in Dodging
   845 | D        | Reached skill level 1 in Evocations
   929 | D        | Noticed a swamp dragon
   935 | D        | a swamp dragon changed into a lindwurm
   935 | D        | Noticed a lindwurm (shapeshifter)
   939 | D        | Killed a lindwurm
   940 | D        | Gained mutation: You sometimes gain power by taking damage.
                  | [demonic ancestry]
   940 | D        | Reached XP level 9. HP: 62/76 MP: 9/9
   942 | D        | Killed a cyclops
   943 | D        | Reached skill level 13 in Maces & Flails
   945 | D        | Killed a cyclops
   946 | D        | Reached skill level 14 in Maces & Flails
  1132 | D        | Noticed an elephant
  1132 | D        | Noticed a cane toad
  1132 | D        | Noticed a cane toad
  1132 | D        | Noticed a rime drake
  1132 | D        | Noticed a cane toad
  1133 | D        | Noticed a five-headed hydra
  1143 | D        | Killed an elephant
  1146 | D        | Killed a five-headed hydra
  1147 | D        | Reached skill level 10 in Fighting
  1151 | D        | Killed a cane toad
  1152 | D        | Reached skill level 15 in Maces & Flails
  1152 | D        | Reached XP level 10. HP: 64/86 MP: 10/10
  1152 | D        | Killed a cane toad
  1164 | D        | Killed a cane toad
  1381 | D        | Noticed a torpor snail
  1381 | D        | Noticed a catoblepas
  1381 | D        | Noticed a skyshark
  1608 | D        | Noticed a cane toad
  1614 | D        | Killed a torpor snail
  1618 | D        | Killed a catoblepas
  1619 | D        | Reached skill level 16 in Maces & Flails
  1795 | D        | Killed a skyshark
  1811 | D        | Killed a cane toad
  1812 | D        | Reached skill level 10 in Armour
  1939 | D        | Noticed a dire elephant
  1939 | D        | Noticed an elephant
  1939 | D        | Noticed an elephant
  1939 | D        | Noticed an elephant
  1939 | D        | Noticed an elephant
  1939 | D        | Noticed an elephant
  1947 | D        | Killed a dire elephant
  1948 | D        | Reached XP level 11. HP: 53/95 MP: 11/11
  1955 | D        | Reached skill level 17 in Maces & Flails
  1970 | D        | Reached skill level 5 in Evocations
  2145 | D        | Noticed Psyche
  2153 | D        | Killed Psyche
  2177 | D        | Noticed Gastronok
  2189 | D        | Killed Gastronok
  2288 | D        | Bought a condenser vane for 1480 gold pieces
  2288 | D        | Bought a glowing scale mail for 259 gold pieces
  2288 | D        | Bought a shiny scale mail for 259 gold pieces
  2288 | D        | Bought 3 scrolls labelled GEHEGOSKU CUG OQA for 111 gold
                  | pieces
  2393 | D        | Noticed an orc knight
  2405 | D        | Killed an orc knight
  2587 | D        | Bought a potion of heal wounds for 70 gold pieces
  2587 | D        | Bought a potion of heal wounds for 70 gold pieces
  2587 | D        | Bought a potion of cancellation for 112 gold pieces
  2587 | D        | Bought a potion of curing for 42 gold pieces
  2587 | D        | Bought 2 potions of might for 112 gold pieces
  2587 | D        | Bought a potion of curing for 42 gold pieces
  2587 | D        | Bought a potion of invisibility for 112 gold pieces
  2592 | D        | Found Mecs's Book Emporium.
  2592 | D        | Noticed an orc sorcerer
  2592 | D        | Noticed an orc sorcerer
  2592 | D        | Noticed an orc sorcerer
  2593 | D        | Noticed an orc sorcerer
  2595 | D        | Killed an orc sorcerer
  2596 | D        | Reached skill level 10 in Shields
  2604 | D        | Killed an orc sorcerer
  2605 | D        | Reached skill level 18 in Maces & Flails
  2610 | D        | Killed an orc sorcerer
  2613 | D        | Killed an orc sorcerer
  2614 | D        | Found Deohoet's Antique Armour Shoppe.
  2618 | D        | Noticed an orc sorcerer
  2621 | D        | Found Nici Heh's Distillery.
  2623 | D        | Noticed an orc sorcerer
  2625 | D        | Noticed an orc sorcerer
  2626 | D        | Noticed a sixfirhy
  2626 | D        | Killed an orc sorcerer
  2627 | D        | Gained mutation: You are partially covered in slimy green
                  | scales. (AC +2) [demonic ancestry]
  2627 | D        | Reached XP level 12. HP: 74/108 MP: 12/12
  2627 | D        | Found Wilanewn's Antique Weapon Shoppe.
  2714 | D        | Bought distressingly furry steam dragon scales for 1080
                  | gold pieces
  2714 | D        | Identified the +2 steam dragon scales "Qinlei" {Int+4} (You
                  | bought it in a shop in the Dungeon)
  2714 | D        | Bought a glowing cloak for 180 gold pieces
  2716 | D        | Bought a potion of curing for 39 gold pieces
  2716 | D        | Bought a potion of berserk rage for 65 gold pieces
  2716 | D        | Bought a potion of mutation for 104 gold pieces
  2716 | D        | Bought a potion of heal wounds for 65 gold pieces
  2716 | D        | Bought 2 potions of mutation for 208 gold pieces
  2716 | D        | Bought a potion of haste for 130 gold pieces
  2716 | D        | Bought a potion of curing for 39 gold pieces
  2718 | D        | Bought a runed morningstar for 203 gold pieces
  2736 | D        | Bought a There-And-Back Book for 420 gold pieces
  2736 | D        | Bought a book of Beasts for 532 gold pieces
  2736 | D        | Bought an Inescapable Atlas for 448 gold pieces
  2736 | D        | Bought a book of Geomancy for 252 gold pieces
  2736 | D        | Bought a book of Death for 616 gold pieces
  2736 | D        | Bought a book of Flames for 392 gold pieces
  2774 | D        | Noticed Josephine
  2786 | D        | Killed Josephine
  2787 | D        | Reached skill level 15 in Fighting
  2911 | D        | Noticed Harold
  2923 | D        | Killed Harold
  3047 | D        | Noticed a centaur warrior
  3047 | D        | Noticed a boulder beetle
  3047 | D        | Noticed a five-headed hydra
  3047 | D        | Noticed a centaur warrior
  3047 | D        | Noticed a centaur warrior
  3050 | D        | Killed a centaur warrior
  3053 | D        | Killed a five-headed hydra
  3058 | D        | Noticed a deep troll earth mage
  3059 | D        | Noticed a tengu reaver
  3060 | D        | Killed a centaur warrior
  3061 | D        | Reached skill level 19 in Maces & Flails
  3065 | D        | Killed a centaur warrior
  3068 | D        | Killed a deep troll earth mage
  3068 | D        | Noticed a stone giant
  3070 | D        | Noticed a stone giant
  3073 | D        | Killed a tengu reaver
  3073 | D        | Noticed a vampire mage
  3079 | D        | Killed a stone giant
  3080 | D        | Noticed a fire giant
  3082 | D        | Noticed an ice dragon
  3086 | D        | Killed a stone giant
  3094 | D        | Killed a fire giant
  3098 | D        | Killed a vampire mage
  3101 | D        | Killed an ice dragon
  3443 | D        | Noticed an anaconda
  3449 | D        | Noticed a naga warrior
  3453 | D        | Reached XP level 13. HP: 73/119 MP: 13/13
  3475 | D        | HP: 4/119 [constriction (6)]
  3487 | D        | Reached skill level 20 in Maces & Flails
  3510 | D        | Noticed a spark wasp
  3541 | D        | Killed a spark wasp
  3895 | D        | Reached skill level 10 in Dodging
  4132 | D        | Noticed a bunyip
  4137 | D        | Noticed a bunyip
  4145 | D        | Killed a bunyip
  4157 | D        | Killed a bunyip
  4158 | D        | Reached skill level 21 in Maces & Flails
  4568 | D        | Noticed Snorg
  4577 | D        | Killed Snorg
  4587 | D        | Noticed Saint Roka
  4617 | D        | Killed Saint Roka
  4807 | D        | Noticed a stone giant
  4807 | D        | Noticed a red very ugly thing
  4807 | D        | Noticed a red very ugly thing
  4807 | D        | Noticed a stone giant
  4807 | D        | Noticed a lich
  4813 | D        | Killed a stone giant
  4813 | D        | Noticed a red very ugly thing
  4817 | D        | Noticed a fire dragon
  4819 | D        | Killed a red very ugly thing
  4820 | D        | Noticed a stone giant
  4823 | D        | Killed a purple very ugly thing
  4824 | D        | Reached XP level 14. HP: 131/131 MP: 14/14
  4826 | D        | Killed a stone giant
  4827 | D        | Noticed a frost giant
  4832 | D        | Killed a lich
  4837 | D        | Killed a red very ugly thing
  4838 | D        | Reached skill level 15 in Shields
  4852 | D        | Killed a stone giant
  4855 | D        | Noticed a fire giant
  4857 | D        | Killed a frost giant
  4860 | D        | Noticed a frost giant
  4861 | D        | Reached skill level 22 in Maces & Flails
  4867 | D        | Reached skill level 15 in Armour
  4873 | D        | Killed a fire giant
  4879 | D        | Killed a frost giant
  5129 | D        | Bought a potion of curing for 54 gold pieces
  5129 | D        | Bought a potion of haste for 180 gold pieces
  5129 | D        | Bought a potion of ambrosia for 144 gold pieces
  5129 | D        | Bought a potion of curing for 54 gold pieces
  5129 | D        | Bought a potion of heal wounds for 90 gold pieces
  5129 | D        | Bought a potion of mutation for 144 gold pieces
  5135 | D        | Bought a spiked scale mail for 207 gold pieces
  5135 | D        | Identified the +1 scale mail "Sutep" {Dex+3 Stlth+} (You
                  | bought it in a shop in the Dungeon)
  5135 | D        | Bought the +15 Maxwell's patent armour {-Cast -Tele rElec
                  | Will+ rCorr} for 2447 gold pieces
  5135 | D        | Found the +15 Maxwell's patent armour {-Cast -Tele rElec
                  | Will+ rCorr}
  5135 | D        | Bought a pair of spiked boots for 218 gold pieces
  5135 | D        | Identified the +1 pair of boots of the Land of Plenty
                  | {rElec rC+ MP-9} (You bought it in a shop in the Dungeon)
  5135 | D        | Bought a scorched ring mail for 207 gold pieces
  5135 | D        | Identified the +0 ring mail of the Unbroken {rC+ Int+2}
                  | (You bought it in a shop in the Dungeon)
  5196 | D        | Noticed a vault warden
  5196 | D        | Noticed an orc warlord
  5212 | D        | Killed a vault warden
  5216 | D        | Noticed a vault warden
  5221 | D        | Killed an orc warlord
  5227 | D        | Killed a vault warden
  5228 | D        | Noticed an ironbound preserver
  5229 | D        | Noticed an ironbound preserver
  5231 | D        | Noticed an ironbound preserver
  5236 | D        | Killed an ironbound preserver
  5251 | D        | Killed an ironbound preserver
  5252 | D        | Reached skill level 23 in Maces & Flails
  5255 | D        | Killed an ironbound preserver
  5327 | D        | Noticed an Orb Guardian
  5327 | D        | Noticed an Orb Guardian
  5327 | D        | Noticed a sphinx
  5336 | D        | Killed a sphinx
  5341 | D        | Killed an Orb Guardian
  5349 | D        | Killed an Orb Guardian
  5358 | D        | Gained mutation: You are mostly covered in slimy green
                  | scales. (AC +3) [demonic ancestry]
  5358 | D        | Reached XP level 15. HP: 56/146 MP: 6/15
  5876 | D        | Noticed Louise
  5891 | D        | Noticed Agnes
  5899 | D        | Killed Agnes
  5902 | D        | Killed Louise
  6075 | D        | Noticed Frederick
  6084 | D        | Killed Frederick
  6238 | D        | Noticed an emperor scorpion
  6238 | D        | Noticed an emperor scorpion
  6243 | D        | Noticed an emperor scorpion
  6248 | D        | Killed an emperor scorpion
  6249 | D        | Reached skill level 24 in Maces & Flails
  6259 | D        | Killed an emperor scorpion
  6264 | D        | Killed an emperor scorpion
  6525 | D        | Noticed an emperor scorpion
  6527 | D        | Noticed an emperor scorpion
  6793 | D        | Killed an emperor scorpion
  6801 | D        | Killed an emperor scorpion
  6809 | D        | Noticed an emperor scorpion
  6820 | D        | Killed an emperor scorpion
  6830 | D        | Got a gossamer rune of Zot
  7593 | D        | Got a decaying rune of Zot
  7730 | D        | Gained mutation: You expend magic power (3 MP) to
                  | strengthen your wands. [potion of mutation]
  7737 | D        | Noticed a nagaraja
  7738 | D        | Noticed a nagaraja
  7741 | D        | Killed a nagaraja
  7742 | D        | Noticed a nagaraja
  7747 | D        | Killed a nagaraja
  7748 | D        | Noticed a nagaraja
  7752 | D        | Killed a nagaraja
  7761 | D        | Killed a nagaraja
  7777 | D        | Got a serpentine rune of Zot
  8078 | D        | Bought a potion of degeneration for 12 gold pieces
  8078 | D        | Bought a potion of might for 48 gold pieces
  8078 | D        | Bought a potion of might for 48 gold pieces
  8078 | D        | Bought a potion of mutation for 96 gold pieces
  8078 | D        | Bought a potion of heal wounds for 60 gold pieces
  8078 | D        | Bought 2 potions of heal wounds for 120 gold pieces
  8078 | D        | Bought a potion of haste for 120 gold pieces
  8083 | D        | Bought a potion of invisibility for 112 gold pieces
  8083 | D        | Bought a potion of cancellation for 112 gold pieces
  8083 | D        | Bought a potion of curing for 42 gold pieces
  8083 | D        | Bought a potion of curing for 42 gold pieces
  8085 | D        | Noticed Ilsuiw
  8102 | D        | Killed Ilsuiw
  8121 | D        | Reached skill level 15 in Dodging
  8140 | D        | Got a barnacled rune of Zot
  8235 | D        | Noticed Xtahua
  8241 | D        | Paralysed by Xtahua for 3 turns
  8246 | D        | Killed Xtahua
  8247 | D        | Reached skill level 25 in Maces & Flails
  8393 | D        | Noticed Nikola
  8404 | D        | Killed from afar by Nikola

Illustrated notes

Levels and vault maps discovered:
D:        linesprint [early_d, line_temple, items_1, d_10, items_2, lair_1,
          lair_end, items_3, orc_1, orc_end, items_4, d_15, swamp_1, shoals_1,
          snake_1, spider_1, d_20, vaults_1, items_5, swamp_end, shoals_end,
          snake_end, spider_end, vaults_end, d_27, items_6, zot_1, zot_end,
          crypt_end, forest_end, elf_end, slime_end, tomb_end, abyss_end,
          pan_hell_end]

Skill      XL: |  1  2  3  4  5  6  7  8  9 10 11 12 13 14 15 |
---------------+----------------------------------------------+-----
Maces & Flails | 2 4 5 7 9 10 12 15 16 18 19 21 23 25 | 25.1
Armour         | 3 4 5 6 7 9 10 11 13 14 15 17 | 17.1
Shields        | 3 4 5 6 7 8 10 12 14 16 19 | 19.8
Fighting       | 4 5 6 7 8 9 10 12 14 16 18 21 24 | 24.2
Dodging        | 1 2 3 4 5 6 8 9 10 12 15 | 15.1
Stealth        | 1 |  1.8
Evocations     | 1 3 4 5 6 7 8 |  8.6

Action                     |  1- 3 |  4- 6 |  7- 9 | 10-12 | 13-15 || total
---------------------------+-------+-------+-------+-------+-------++-------
  Melee: Flail             |    30 |    11 |       |       |       ||    41
         Headbutt          |     1 |     3 |    10 |    51 |   117 ||   182
         Morningstar       |       |     5 |    38 |   244 |   444 ||   731
 Invoke: Call Merchant     |       |       |       |     2 |     5 ||     7
         Potion Petition   |       |       |       |       |     8 ||     8
  Evoke: Wand              |       |     1 |     5 |     6 |       ||    12
         Condenser vane    |       |       |       |     2 |    10 ||    12
    Use: Potion            |     1 |       |       |     1 |    18 ||    20
         Scroll            |       |       |       |     6 |     8 ||    14
   Stab: Invisible         |       |     1 |     3 |     6 |     2 ||    12
         Distracted        |       |       |       |     3 |     5 ||     8
         Confused          |       |       |       |       |     1 ||     1
 Armour: Scale mail        |    20 |     7 |    11 |    72 |   186 ||   296
  Dodge: Dodged            |     9 |    11 |    28 |    61 |   198 ||   307
  Block: Buckler           |     5 |     2 |     1 |       |       ||     8
         Kite shield       |       |       |     8 |    85 |    78 ||   171
         Tower shield      |       |       |       |       |   200 ||   200

Table legend: (Time is in decaauts)
 A = Elapsed time spent in this place.
 B = Non-inter-level travel time spent in this place.
 C = Inter-level travel time spent in this place.
 D = Time resting spent in this place.
 E = Time spent auto-exploring this place.
 F = Levels seen in this place.
 G = Mean time per level.
                   A        B        C        D        E       F      G
               +--------+--------+--------+--------+--------+-----+--------+
         Total |   8302 |   8302 |      0 |   5415 |      0 |   1 | 8302.0 |
       Dungeon |   8302 |   8302 |      0 |   5415 |      0 |   1 | 8302.0 |
               +--------+--------+--------+--------+--------+-----+--------+

Top non-repeatable levels by time:
       D: 8302 daAuts
